 Dungeon Crawl Stone Soup version 0.20.1-1-g8b1a95d66d (webtiles) character file.

5785 Romulous the Cleaver (level 10, 0/88 HPs)
             Began as a Minotaur Fighter on Dec 5, 2017.
             Was an Initiate of Gozag.
             Slain by Urug
             ... wielding a +2 war axe of freezing
              (10 damage)
             ... on level 11 of the Dungeon.
             The game lasted 00:33:34 (8806 turns).

Romulous the Cleaver (Minotaur Fighter)             Turns: 8806, Time: 00:33:35

Health: 0/88       AC: 17    Str: 31    XL:     10   Next: 50%
Magic:  9/9        EV:  9    Int:  5    God:    Gozag
Gold:   327        SH: 16    Dex: 11    Spells: 9/9 levels left

rFire    . . .     SeeInvis .   a - +0 war axe
rCold    . . .     Gourm    .   c - +0 shield
rNeg     . . .     Faith    .   k - +0 plate armour
rPois    .         Spirit   .   (helmet restricted)
rElec    .         Reflect  +   (no cloak)
rCorr    .         Harm     .   l - +0 pair of gloves
MR       .....                  B - +0 pair of boots
Stlth    ..........             L - +4 amulet of reflection
Regen    0.3/turn               N - +2 ring of evasion
MPRegen  0.2/turn               P - +3 ring of strength

@: mighty, gold aura
A: retaliatory headbutt, horns 2
a: Potion Petition, Call Merchant, Bribe Branch, Renounce Religion


You were on level 11 of the Dungeon.
You worshipped Gozag.
Gozag was aware of your devotion.
You were hungry.

You visited 1 branch of the dungeon, and saw 10 of its levels.
You also visited: Ossuary.

You collected 1175 gold pieces.
You spent 50 gold pieces at shops.
You paid 798 gold pieces to Gozag.

Inventory:

Hand Weapons
 a - a +0 war axe (weapon)
 F - a +1 bardiche of flaming
Armour
 c - a +0 shield (worn)
 k - a +0 plate armour (worn)
 l - a +0 pair of gloves (worn)
 B - a +0 pair of boots (worn)
Jewellery
 y - an uncursed ring of positive energy
 L - a +4 amulet of reflection (around neck)
 N - a +2 ring of evasion (left hand)
 P - a +3 ring of strength (right hand)
Wands
 A - a wand of acid (8/15)
 D - a wand of flame (30/48)
 I - a wand of confusion (11/48)
 J - a wand of lightning (6/15)
 R - a wand of acid (6/15)
 S - a wand of digging (9/24)
Scrolls
 g - a scroll of noise {unknown}
 j - 2 scrolls of blinking {unknown}
 m - 2 scrolls of enchant armour {unknown}
 p - 5 scrolls of teleportation {unknown}
 t - 3 scrolls of fear {unknown}
 w - 3 scrolls of amnesia {unknown}
 z - 3 scrolls of recharging {unknown}
 E - 3 scrolls of remove curse {unknown}
 G - a scroll of magic mapping {unknown}
 H - 2 scrolls of enchant weapon {unknown}
Potions
 b - 3 potions of flight {unknown}
 d - a potion of might
 i - 2 potions of berserk rage {unknown}
 n - a potion of invisibility
 o - 3 potions of lignification {unknown}
 q - a potion of haste {unknown}
 s - 9 potions of curing {unknown}
 u - 4 potions of mutation {unknown}
 x - a potion of brilliance {unknown}
 C - a potion of heal wounds {unknown}
 K - 2 potions of agility {unknown}
 M - a potion of magic {unknown}
 O - a potion of cancellation {unknown}
 Q - a potion of degeneration {unknown}
Comestibles
 f - 9 bread rations
 h - 7 royal jellies
 r - 5 meat rations
 v - 4 fruits


   Skills:
 + Level 8.0 Fighting
 + Level 12.3 Axes
 + Level 9.3 Armour
 + Level 1.3 Dodging
 + Level 1.1 Stealth
 + Level 9.3 Shields


You had 9 spell levels left.
You didn't know any spells.

Dungeon Overview and Level Annotations

Branches:
Dungeon (11/15)            Temple (0/1) D:6
   Lair: D:8-11         Orc: D:9-12

Altars:
Dithmenos
Gozag
Qazlal
Ru
Uskayaw

Shops:
D:6 %   D:8 =

Annotations:
D:11 Urug


Innate Abilities, Weirdness & Mutations

You reflexively headbutt those who attack you in melee.
You have a pair of horns on your head.


Message History

The bullfrog closely misses you. You furiously retaliate!
You headbutt the bullfrog! Urug barely misses you.
The hungry ghost barely misses you.
You hit Urug.
Urug is heavily wounded.
You closely miss the bullfrog. You barely miss the hungry ghost.
You block the bullfrog's attack.
Urug hits you with a war axe of freezing!
Urug freezes you. You block the bullfrog's attack. The hungry ghost hits you.
You are feeling hungry.
You closely miss Urug.
Urug is heavily wounded.
You slash the bullfrog!
You kill the bullfrog!
Your shield and plate armour prevent you from hitting the hungry ghost.
Urug hits you with a war axe of freezing!!
* * * LOW HITPOINT WARNING * * *
Urug freezes you!
You die...
Your body crumbles into a pile of gold.

..# #########$.#
>..........#
...........#
...........#
.....(.....#
.....?.....# #
......W@...# .
.......o$..# .
........(..#
#########(.# #..#
#..# #..#
##################..#
....................#


You could see Urug and a hungry ghost.

Vanquished Creatures
  Snorg (D:11)
  A two-headed ogre (D:7)
  The ghost of tensugalgo the Slasher, a novice DsCK of Xom (D:5)
  Prince Ribbit (D:6)
  A spriggan (D:7)
  A wyvern (D:11)
  A hungry ghost (D:7)
  Menkaure (D:4)
  A water moccasin (D:6)
  2 orc warriors
  3 black bears
  2 ogres
  4 centaurs
  A big kobold (D:8)
  2 bullfrogs
  4 scorpions
  A water moccasin skeleton (D:7)
  5 killer bees (D:7)
  An electric eel (D:8)
  2 crimson imps
  A centaur skeleton (D:5)
  A centaur zombie (Ossuary)
  A jelly (D:7)
  4 orc priests
  7 orc wizards
  A bullfrog skeleton (D:4)
  2 gnoll shamans
  3 hounds
  15 mummies (Ossuary)
  4 iguanas
  2 worker ants
  A killer bee zombie (Ossuary)
  3 hound zombies (Ossuary)
  3 hound skeletons (D:7)
  2 worker ant zombies (Ossuary)
  A howler monkey skeleton (D:7)
  10 gnolls
  5 adders
  A shadow imp (D:5)
  3 adder skeletons
  3 adder zombies (Ossuary)
  5 worms
  5 leopard geckos
  27 orcs
  6 giant cockroaches
  10 goblins
  7 hobgoblins
  4 jackals
  10 kobolds
  6 quokkas
  2 ball pythons
  6 bats
  5 frilled lizards
  A leopard gecko skeleton (D:6)
  A leopard gecko zombie (Ossuary)
  10 rats
  2 plants (D:8)
  A withered plant (Ossuary)
217 creatures vanquished.

Vanquished Creatures (others)
  An orc (D:8)
  A plant (D:8)
  2 withered plants (Ossuary)
4 creatures vanquished.

Grand Total: 221 creatures vanquished

Notes
Turn   | Place    | Note
-------+----------+-------------------------------------------
     0 | D:1      | Romulous the Minotaur Fighter began the quest for the Orb.
     0 | D:1      | Reached XP level 1. HP: 19/19 MP: 0/0
   214 | D:1      | Reached XP level 2. HP: 27/27 MP: 1/1
   772 | D:1      | Reached XP level 3. HP: 33/33 MP: 2/2
   953 | D:2      | Reached skill level 3 in Axes
  1640 | D:2      | Reached XP level 4. HP: 37/40 MP: 3/3
  1796 | D:3      | Reached skill level 4 in Axes
  2171 | D:3      | Reached XP level 5. HP: 46/46 MP: 4/4
  2253 | D:3      | Found a faded altar of an unknown god.
  2843 | D:4      | Noticed a phantom
  3065 | D:4      | Reached skill level 5 in Shields
  3068 | D:4      | Reached skill level 5 in Axes
  3078 | D:4      | Reached XP level 6. HP: 41/52 MP: 5/5
  3127 | D:4      | Noticed Menkaure
  3133 | D:4      | Killed Menkaure
  3133 | D:4      | Reached skill level 6 in Axes
  3133 | D:4      | Reached skill level 5 in Armour
  3597 | D:5      | Entered Level 5 of the Dungeon
  3597 | D:5      | Found a sacrificial altar of Ru.
  3743 | D:5      | Reached XP level 7. HP: 50/60 MP: 6/6
  3788 | D:5      | Noticed tensugalgo's ghost (novice DsCK)
  3808 | D:5      | Killed tensugalgo's ghost
  3808 | D:5      | Reached skill level 7 in Axes
  4162 | D:5      | Found a shadowy altar of Dithmenos.
  4207 | D:5      | Found Zuann's Armour Boutique.
  4262 | D:5      | Reached skill level 8 in Axes
  4262 | D:5      | Reached XP level 8. HP: 67/67 MP: 7/7
  4395 | D:5      | Reached skill level 5 in Fighting
  4573 | D:6      | Found a hide-covered altar of Uskayaw.
  4703 | D:6      | Found an opulent altar of Gozag.
  4847 | D:6      | Became a worshipper of Gozag Ym Sagoz the Greedy
  4970 | D:6      | Found a staircase to the Ecumenical Temple.
  5013 | D:6      | Noticed Prince Ribbit
  5045 | D:6      | Killed Prince Ribbit
  5045 | D:6      | Reached skill level 9 in Axes
  5456 | D:6      | Found Kixesch's Food Shoppe.
  5499 | D:6      | Bought a meat ration for 50 gold pieces
  5929 | D:7      | Reached skill level 1 in Stealth
  5929 | D:7      | Reached XP level 9. HP: 66/75 MP: 8/8
  6228 | D:7      | Reached skill level 10 in Axes
  6339 | D:7      | Reached skill level 1 in Dodging
  6420 | D:7      | Noticed a two-headed ogre
  6537 | D:7      | Killed a two-headed ogre
  6537 | D:7      | Reached skill level 11 in Axes
  7224 | D:7      | Reached XP level 10. HP: 86/86 MP: 9/9
  7248 | D:7      | Found a stormy altar of Qazlal.
  7383 | D:8      | Found a sand-covered staircase.
  7388 | Ossuary  | Entered an ossuary
  8699 | D:8      | You fall through a shaft for 3 floors!
  8762 | D:11     | Noticed Snorg
  8774 | D:11     | Killed Snorg
  8774 | D:11     | Reached skill level 12 in Axes
  8792 | D:11     | Noticed Urug
  8798 | D:10     | Entered Level 10 of the Dungeon
  8806 | D:11     | Slain by Urug

Skill      XL: |  1  2  3  4  5  6  7  8  9 10 |
---------------+-------------------------------+-----
Fighting       | 4 5 7 8 |  8.0
Shields        | 4 5 6 7 8 9 |  9.3
Axes           | 3 4 5 6 8 9 11 12 | 12.3
Armour         | 4 5 6 7 8 9 |  9.3
Stealth        | 1 |  1.1
Dodging        | 1 |  1.3

Action                   |  1- 3 |  4- 6 |  7- 9 | 10-12 || total
-------------------------+-------+-------+-------+-------++-------
Melee: War axe           |   109 |   151 |   309 |   198 ||   767
       Headbutt          |    11 |    21 |    72 |    49 ||   153
Invok: Potion Petition   |       |       |       |     1 ||     1
       Call Merchant     |       |       |       |     1 ||     1
  Use: Scroll            |       |     1 |     3 |     4 ||     8
       Potion            |       |       |     1 |     1 ||     2
 Stab: Distracted        |       |       |     2 |     1 ||     3
  Eat: Chunk             |     2 |     4 |     3 |       ||     9
       Bread ration      |       |     1 |     2 |       ||     3
       Fruit             |       |       |     3 |     2 ||     5
       Meat ration       |       |       |     1 |     1 ||     2
Armor: Plate armour      |    63 |    99 |   134 |    76 ||   372
       Scale mail        |     2 |       |       |       ||     2
Dodge: Dodged            |    10 |    26 |    75 |    34 ||   145
Block: Shield            |    72 |    89 |   170 |    94 ||   425
       Reflection        |       |       |       |     1 ||     1
